[Event "*** SCC Grand Prix: Titled Tuesday Blitz"]
[Site "Chess.com"]
[Date "2020.07.07"]
[Round "8"]
[White "Lucas_Tomiello"]
[Black "m_ezat"]
[Result "1-0"]
[WhiteElo "2430"]
[BlackElo "2521"]
[TimeControl "180+1"]
[EndTime "11:36:52 PDT"]
[Termination "Lucas_Tomiello won by checkmate"]

1. e4 g6 2. d4 Bg7 3. Nc3 c6 4. g3 d5 5. e5 h5 6. h3 Nh6 7. Bg2 Nf5 8. Nge2 Nd7 9. O-O Nf8 10. Nf4 Ne6 11. Nce2 Bh6 12. Nxe6 Bxe6 13. Bxh6 Rxh6 14. Nf4 Qb6 15. Nxe6 fxe6 16. c3 Qxb2 17. Qd3 Qb5 18. Qf3 Qb6 19. Rfb1 Qc7 20. Qf4 Kd7 21. g4 hxg4 22.
hxg4 Rh4 23. Qg5 Rah8 24. gxf5 gxf5 25. Kf1 Rg4 26. Qd2 Kc8 27. Bf3 Rgh4 28. Ke2 Qa5 29. Rh1 Rh3 30. Rxh3 Rxh3 31. Rh1 Qa6+ 32. Ke3 Rxh1 33.
Bxh1 Qf1 34. Bf3 Qh3 35. Qe2 Kc7 36. Kd3 Qh6 37. Kc2 Qf4 38. Kb2 b5 39. Bh5 a5 40.
Bf7 Kd7 41. a4 bxa4 42. Bh5 Kc7 43. Bf7 Kb6 44. Bxe6 a3+ 45. Kxa3 Kc7 46. Qb2 Qe4 47. Ka4 Qd3 48. Kxa5 Qc4 49. Qb6# 1-0

[Event "*** SCC Grand Prix: Titled Tuesday Blitz"]
[Site "Chess.com"]
[Date "2020.07.07"]
[Round "8"]
[White "sm_sharon"]
[Black "ambaixador"]
[Result "0-1"]
[WhiteElo "2169"]
[BlackElo "2319"]
[TimeControl "180+1"]
[EndTime "11:36:52 PDT"]
[Termination "ambaixador won by resignation"]

1. d4 d5 2. Bf4 e6 3. e3 Bd6 4. Bg3 Ne7 5. Nf3 c5 6. c3 Nbc6 7. Bd3 Ng6 8. Nbd2 Qe7 9. Bxd6 Qxd6 10. O-O O-O 11. Re1 e5 12. dxe5 Ngxe5 13. Nxe5 Nxe5 14. Nf3 Bg4 15. Be2 Be6 16. Nxe5 Qxe5 17. Bf3 Rfd8 18. Qc2 g6 19. Rad1 h5 20. h4 Rd6 21. g3 Rad8 22. Rd2 d4 23. cxd4 cxd4 24. e4 d3 25. Qa4 Qc5 26. e5 Rd4 27. Qd1 b5 28. b3 a5 29.
Re3 Bf5 30. Bg2 a4 31. Bf1 a3 32. Kh2 Qd5 33. Bg2 Qe6 34. Qf1 Qc8 35. Bh3 Bxh3 36.
Qxh3 Qc1 37. e6 Qxd2 38. exf7+ Kg7 39. Kg2 R4d7 40. f8=Q+ Kxf8 41. Qe6 Qc3 42. Qxg6 Qg7 43. Rf3+ Kg8 44. Qe6+ Kh7 45. Rf6 Rd6 46. Qf5+ Kg8 47. Rxd6 Rxd6 48. Qxh5 Qf7 49. Qg5+ Kf8 50. Qf4 Qxf4 51.
gxf4 d2 0-1

[Event "*** SCC Grand Prix: Titled Tuesday Blitz"]
[Site "Chess.com"]
[Date "2020.07.07"]
[Round "8"]
[White "Trickov"]
[Black "GrafLermontov"]
[Result "0-1"]
[WhiteElo "2325"]
[BlackElo "2474"]
[TimeControl "180+1"]
[EndTime "11:36:53 PDT"]
[Termination "GrafLermontov won on time"]

1. d4 Nf6 2. Nf3 g6 3. g3 Bg7 4. Bg2 O-O 5. O-O d5 6. c4 c6 7. Bf4 dxc4 8. a4 Nbd7 9. Na3 Nb6 10. a5 Nbd5 11. Be5 c3 12. bxc3 Nxc3 13. Qc2 Ncd5 14. a6 Bf5 15. Qc1 b6 16. Qxc6 Be4 17. Nd2 Bxg2 18.
Kxg2 Rc8 19. Qb7 Nb4 20. Qxa7 Nc6 21. Qb7 Nxe5 22. dxe5 Qxd2 23. exf6 Bxf6 24. a7 Bxa1 25. Rxa1 Qb2 26. Nc2 Qxc2 27. a8=Q Rxa8 28. Rxa8 Rxa8 29. Qxa8+ Kg7 30. e3 b5 31. Qb7 Qc5 32. h4 h5 33.
Kg1 b4 34. Qb8 e6 35. Qb7 Qc1+ 36. Kg2 Qc3 37. g4 hxg4 38. h5 gxh5 39. Kg3 b3 40.
Qe7 Qe5+ 41. Kh4 b2 42. Qb7 Kg6 43. Qb8 Qxb8 0-1

[Event "*** SCC Grand Prix: Titled Tuesday Blitz"]
[Site "Chess.com"]
[Date "2020.07.07"]
[Round "8"]
[White "bratkoo"]
[Black "mortngabriel"]
[Result "1/2-1/2"]
[WhiteElo "2436"]
[BlackElo "2328"]
[TimeControl "180+1"]
[EndTime "11:36:53 PDT"]
[Termination "Game drawn by stalemate"]

1. e4 g6 2. d4 Bg7 3. Nc3 c6 4. f4 d5 5. e5 h5 6. Bd3 Nh6 7. Nf3 Bf5 8. Ne2 Bxd3 9. Qxd3 Nf5 10. O-O e6 11. c4 O-O 12. h3 h4 13. Be3 dxc4 14.
Qd2 b5 15. Bf2 Nd7 16. Ng5 Nb6 17. Rfd1 Nd5 18. Nc3 Nxc3 19. bxc3 Bh6 20. Ne4 Bg7 21.
Qe1 Qd5 22. Rd2 a5 23. Re2 Qd8 24. Ng5 b4 25. Bxh4 bxc3 26. g4 Qxd4+ 27. Kh1 Nxh4 28. Qxh4 Rfd8 29. Rf1 Qd3 30. Ref2 c2 31. f5 exf5 32. gxf5 Qxf1+ 33. Rxf1 Rd1 34. Qxc4 c1=Q 35. Qxc1 Rxc1 36. Rxc1 Bh6 37. h4 Bxg5 38. hxg5 gxf5 39. Rxc6 Re8 40. Rc5 Kg7 41. Rxa5 Kg6 42. Kg2 Re6 43. Kf3 Kxg5 44.
Rd5 f6 45. exf6 Rxf6 46. a4 Rb6 47. a5 Rb3+ 48. Ke2 Ra3 49. Kf2 Kg4 50. Rd8 Ra2+ 51. Kf1 Rxa5 52. Rd3 Ra2 53. Rb3 Rh2 54. Ra3 Rh3 55.
Rxh3 Kxh3 56. Kf2 Kg4 57. Kg2 Kf4 58. Kf2 Ke4 59. Ke2 f4 60. Kf2 f3 61. Kf1 Kf4 62.
Kf2 Kg4 63. Kf1 Kg3 64. Kg1 f2+ 65. Kf1 Kf3 1/2-1/2

[Event "*** SCC Grand Prix: Titled Tuesday Blitz"]
[Site "Chess.com"]
[Date "2020.07.07"]
[Round "8"]
[White "Gloomy_Wanderer"]
[Black "Nf3c5"]
[Result "1-0"]
[WhiteElo "2759"]
[BlackElo "2620"]
[TimeControl "180+1"]
[EndTime "11:36:54 PDT"]
[Termination "Gloomy_Wanderer won by checkmate"]

1. d4 Nf6 2. Nf3 g6 3. c4 Bg7 4. g3 O-O 5. Bg2 d5 6. cxd5 Nxd5 7. O-O Nb6 8. Nc3 Nc6 9. e3 Be6 10. b3 a5 11. Ng5 Bf5 12. Ba3 Qc8 13. Rc1 h6 14.
Nge4 Bh3 15. Bxh3 Qxh3 16. Nc5 Qc8 17. Qf3 Re8 18. Rfd1 e5 19. d5 Nb4 20. Bxb4 axb4 21. Nb5 Rxa2 22. d6 e4 23. Nxe4 c6 24. d7 Nxd7 25. Ned6 Ne5 26. Qe4 Qh3 27. Nxe8 Rxf2 28. Kxf2 Qxh2+ 29. Kf1 Qxg3 30. Nxg7 Nf3 31. Nd4 Nh2+ 32.
Ke2 Ng4 33. Qf3 Qh2+ 34. Kd3 Ne5+ 35. Ke4 Nxf3 36. Nxf3 Qh3 37. Ne8 Qe6+ 38. Ne5 Qxe8 39. Rd6 Kg7 40. Rf1 f5+ 41. Kd4 Qa8 42. Rxg6+ Kh7 43.
Rxf5 Qa7+ 44. Ke4 Qb8 45. Rf7+ Kh8 46. Rxh6+ Kg8 47. Rg6+ Kh8 48. Rgg7 Qa8 49. Ng6# 1-0

[Event "*** SCC Grand Prix: Titled Tuesday Blitz"]
[Site "Chess.com"]
[Date "2020.07.07"]
[Round "8"]
[White "chegueps"]
[Black "SerGo055"]
[Result "1/2-1/2"]
[WhiteElo "2422"]
[BlackElo "2554"]
[TimeControl "180+1"]
[EndTime "11:36:54 PDT"]
[Termination "Game drawn by agreement"]

1. d4 Nf6 2. Nf3 e6 3. e3 c5 4.
Bd3 Nc6 5. O-O Be7 6. b3 O-O 7.
Bb2 b6 8. c4 Bb7 9. Nc3 cxd4 10. exd4 d5 11. Re1 Rc8 12. Rc1 dxc4 13. bxc4 Na5 14.
Qe2 Bxf3 15. Qxf3 Qxd4 16. Nd5 Qxb2 17. Nxe7+ Kh8 18. Nxc8 Rxc8 19. Rc2 Qd4 20. Bf1 Nc6 21. Rd1 Qc5 22. Rcd2 e5 23. g3 Nd4 24. Qb7 Qc7 25.
Bg2 Qxb7 26. Bxb7 Rc7 27. Bg2 Nd7 28. f4 f6 29. fxe5 fxe5 30. Bd5 h6 31. Rf2 Nf6 32.
Re1 Re7 33. h4 Kh7 34. Kg2 Kg6 35. Kh3 h5 36. Be4+ Kh6 37. Bd5 b5 38. Rd2 Nxd5 39. cxd5 Nf3 40. d6 Rd7 41. Rde2 Nxe1 42. Rxe1 Rxd6 43. Rxe5 a6 44. Re8 Rd2 45. Re6+ g6 46. Rxa6 Rb2 47. a3 Kg7 48. Ra7+ Kf6 49. Ra6+ Kf5 50. Ra7 b4 51. Ra5+ Kf6 52. Ra6+ Kg7 53. Ra7+ Kh6 1/2-1/2

[Event "*** SCC Grand Prix: Titled Tuesday Blitz"]
[Site "Chess.com"]
[Date "2020.07.07"]
[Round "8"]
[White "GM4life"]
[Black "SamuelGhimpu2003"]
[Result "0-1"]
[WhiteElo "2368"]
[BlackElo "2520"]
[TimeControl "180+1"]
[EndTime "11:36:54 PDT"]
[Termination "SamuelGhimpu2003 won by checkmate"]

1. e4 e6 2. d4 d5 3. Nc3 Nf6 4. e5 Nfd7 5. f4 c5 6. Nf3 Nc6 7. Be3 Be7 8. dxc5 O-O 9. Qd2 Qa5 10. O-O-O b6 11. Bb5 Nb4 12. a3 bxc5 13. Bxd7 Bxd7 14. axb4 cxb4 15. Nb1 Rfc8 16. Qd4 Ba4 17. Rd2 Rc4 18. Qd3 Rac8 19. Nd4 Bc5 20. b3 Rc3 21. Nxc3 bxc3 22.
Re2 Bxd4 23. Kd1 Bxb3 24. Qxd4 Qa1+ 25. Bc1 Bc4 26. Re3 Rb8 27. Qxc3 Qa4 28. Qa3 Qc6 29. Bb2 d4 30. Rg3 d3 31. Qc3 dxc2+ 32. Kxc2 Bb3+ 33.
Kc1 Qa6 34. Qxb3 Rxb3 35. Rxb3 h5 36. Rd1 Qc6+ 37. Rc3 Qxg2 38. Rd8+ Kh7 39. Rg3 Qh1+ 40. Rd1 Qxh2 41. Rdg1 g6 42. Bc3 h4 43. Rg4 h3 44.
Bb4 Qf2 45. Be7 h2 46. Rh1 g5 47. Rxg5 Qxf4+ 48. Kb2 Qd2+ 49. Kb3 Qd5+ 50. Kc3 Qxh1 51. Bf6 Qf3+ 52. Kd4 h1=Q 53. Rg7+ Kh6 54. Rxf7 Qhd1+ 55. Kc5 Qfd5+ 56. Kb4 Q1b3# 0-1

[Event "*** SCC Grand Prix: Titled Tuesday Blitz"]
[Site "Chess.com"]
[Date "2020.07.07"]
[Round "8"]
[White "BigAl"]
[Black "UKR_Master"]
[Result "0-1"]
[WhiteElo "2496"]
[BlackElo "2338"]
[TimeControl "180+1"]
[EndTime "11:36:54 PDT"]
[Termination "UKR_Master won by resignation"]

1. e4 c5 2. Nc3 Nc6 3. g3 g6 4.
Bg2 Bg7 5. d3 e6 6. Be3 d6 7. Qd2 Rb8 8. Nd1 b5 9. Ne2 Bd7 10. O-O Nge7 11. Bh6 O-O 12. Bxg7 Kxg7 13. Ne3 Qa5 14. c3 f5 15. Nf4 Qb6 16. Rae1 Rbe8 17. h4 b4 18. exf5 Nxf5 19. h5 bxc3 20. bxc3 Ne5 21. hxg6 hxg6 22. Rb1 Qa6 23. Rb7 Rf7 24. Nxf5+ gxf5 25. Nh5+ Kg6 26. Nf4+ Kg7 27. d4 cxd4 28.
cxd4 Bc6 29. Rxf7+ Nxf7 30. d5 exd5 31. Rc1 Re5 32.
Nh5+ Kg6 33. Nf4+ Kg7 34. Nd3 Qb7 35. Qc3 Bb5 36. f4 Qb6+ 37. Nf2 d4 38. Qc8 Re2 39. Qxf5 d3 40. Rf1 d2 41. Qg4+ Kf6 42. Bh3 d1=Q 43. Qh4+ Kg7 44. Qg4+ Kf8 45. Qc8+ Ke7 46. Kg2 Qxf1+ 47.
Kf3 Qbxf2+ 48. Kg4 Qxh3+ 49. Kxh3 Qf1+ 50. Kh4 Qh1+ 51. Kg4 Bd7+ 0-1

[Event "*** SCC Grand Prix: Titled Tuesday Blitz"]
[Site "Chess.com"]
[Date "2020.07.07"]
[Round "8"]
[White "Mikhal867"]
[Black "MestreSoares"]
[Result "1-0"]
[WhiteElo "2373"]
[BlackElo "2134"]
[TimeControl "180+1"]
[EndTime "11:36:54 PDT"]
[Termination "Mikhal867 won by checkmate"]

1. e4 Nf6 2. e5 Nd5 3. Nc3 Nxc3 4. bxc3 d5 5. f4 c5 6. Nf3 Nc6 7. d4 Bg4 8. Be2 e6 9. h3 Bxf3 10. Bxf3 cxd4 11. cxd4 Qa5+ 12. Bd2 Bb4 13. Rb1 Bxd2+ 14. Qxd2 Qxd2+ 15. Kxd2 b6 16. c3 Rc8 17. f5 Ke7 18.
Rhf1 Rhd8 19. Bg4 Rf8 20. f6+ gxf6 21. Rxf6 Rc7 22. Rh6 Rh8 23. Rf1 Nd8 24. Bd1 Kf8 25.
Rf4 Kg7 26. Rfh4 Nc6 27. Bc2 Ne7 28. Rxh7+ Rxh7 29. Rxh7+ Kg8 30. g4 b5 31. a3 a5 32. Rh6 b4 33. axb4 axb4 34. cxb4 Nc6 35. g5 Nxd4 36. Bd3 Nf3+ 37. Ke3 Nxe5 38. Bh7+ Kg7 39. Bb1 Nc4+ 40. Kd4 Nd2 41. Bd3 Nf3+ 42. Ke3 Nxg5 43. Rh5 f6 44. h4 Ne4 45. Bxe4 dxe4 46. Rc5 Rb7 47. b5 f5 48. Kd4 Kf6 49. h5 Rh7 50. b6 Rd7+ 51. Kc4 Rd1 52. b7 Rc1+ 53. Kb5 Rb1+ 54. Kc6 Rxb7 55. Kxb7 e3 56. h6 e2 57. h7 e1=Q 58. h8=Q+ Ke7 59. Rc7+ Kd6 60. Qd4# 1-0

[Event "*** SCC Grand Prix: Titled Tuesday Blitz"]
[Site "Chess.com"]
[Date "2020.07.07"]
[Round "8"]
[White "Firouzja2003"]
[Black "kirillshevchenko"]
[Result "1-0"]
[WhiteElo "3108"]
[BlackElo "2957"]
[TimeControl "180+1"]
[EndTime "11:36:57 PDT"]
[Termination "Firouzja2003 won by resignation"]

1. Nf3 Nf6 2. b3 g6 3. Bb2 Bg7 4. e3 O-O 5. d4 b6 6. g3 Bb7 7. Bg2 c5 8. O-O cxd4 9. exd4 d5 10. Ne5 Nbd7 11. c4 Rb8 12. Nc3 dxc4 13. Bxb7 Rxb7 14. Nc6 Qe8 15. bxc4 Nb8 16. Ne5 Nc6 17. Qf3 Rc7 18. Nb5 Rc8 19. Rfe1 a6 20. Na3 Nxe5 21. dxe5 Nd7 22.
Rad1 Nc5 23. Nc2 Na4 24. Ba3 Rxc4 25. Ne3 Rc3 26. Bb4 Qb5 27. Bxc3 Nxc3 28. Rd7 Qxe5 29. Nc2 Qb5 30. Rexe7 Qb1+ 31. Ne1 Qxa2 32. Nd3 Nb5 33.
Qe3 Nd4 34. Re8 Qb1+ 35. Kg2 Ne6 36. Rxf8+ Nxf8 37. Ra7 Qb5 38. Qf3 Qc4 39. Nf4 b5 40. Nd5 f5 41. Ne7+ Kh8 42. Qb7 Qf7 43. Ra8 Bf6 44.
Nxg6+ Kg7 45. Qxf7+ Kxf7 46. Nxf8 b4 47. Nxh7 Bd4 48.
Ng5+ Kf6 49. Nf3 Bc3 50. Rxa6+ 1-0

[Event "*** SCC Grand Prix: Titled Tuesday Blitz"]
[Site "Chess.com"]
[Date "2020.07.07"]
[Round "8"]
[White "guillembaches"]
[Black "Vision_64"]
[Result "1-0"]
[WhiteElo "2406"]
[BlackElo "2191"]
[TimeControl "180+1"]
[EndTime "11:36:57 PDT"]
[Termination "guillembaches won by checkmate"]

1. c4 c5 2. Nc3 Nc6 3. Nf3 Nf6 4. e3 b6 5. d4 cxd4 6. exd4 d6 7. d5 Nb8 8. Nd4 g6 9. Be2 Bg7 10. O-O O-O 11. b3 Bb7 12. Re1 a6 13. Bf3 Qc7 14. Bb2 Re8 15. Rc1 Nbd7 16. Nc6 Bxc6 17. dxc6 Ne5 18.
Nd5 Nxf3+ 19. Qxf3 Nxd5 20. Bxg7 Nf6 21. Bxf6 exf6 22.
h4 f5 23. h5 Re5 24. Rxe5 dxe5 25. Qd5 Rc8 26. h6 Rd8 27. Qf3 Rd6 28. Re1 f6 29.
Qc3 Qxc6 30. b4 Kf7 31. Rc1 Rd4 32. c5 b5 33. a4 Qd5 34. c6 Rc4 35. Qe1 Rxc6 36.
Rd1 Qe6 37. axb5 axb5 38. Qe3 Rc7 39. Qd2 g5 40. Qd8 Kg6 41. Qxc7 Qb3 42. Qg7+ Kh5 43.
Rf1 Qxb4 44. Qxh7 Qf4 45. Qg7 b4 46. h7 b3 47. h8=Q+ Kg4 48. Qh3# 1-0

[Event "*** SCC Grand Prix: Titled Tuesday Blitz"]
[Site "Chess.com"]
[Date "2020.07.07"]
[Round "8"]
[White "Andrei_Belozerov"]
[Black "MathiasWomacka"]
[Result "1/2-1/2"]
[WhiteElo "2566"]
[BlackElo "2447"]
[TimeControl "180+1"]
[EndTime "11:36:58 PDT"]
[Termination "Game drawn - insufficient material"]

1. e4 c5 2. Nf3 d6 3. d4 cxd4 4. Nxd4 Nf6 5. Nc3 a6 6. Be3 e5 7.
Nb3 Be6 8. f3 Be7 9. Qd2 O-O 10.
O-O-O Nbd7 11. g4 Qc7 12. Kb1 b5 13. g5 Nh5 14. Nd5 Bxd5 15. exd5 Nb6 16. Na5 Nxd5 17. Qxd5 Qxa5 18. Bd3 g6 19. c4 Rab8 20. Rc1 Qd8 21. h4 Qd7 22. c5 Ng3 23. Rhd1 Qe6 24. Be4 Nxe4 25. fxe4 dxc5 26. Bxc5 Bxc5 27. Qxe6 fxe6 28. Rxc5 Rbd8 29. Rxd8 Rxd8 30. Rxe5 Kf7 31. Rc5 Rd4 32. Rc7+ Kg8 33. Rc6 Rxe4 34. Rxa6 Rxh4 35. Rxe6 Rg4 36. Re5 b4 37. Kc2 h5 38. gxh6 Kh7 39. Kd3 Rg2 40. a4 Rxb2 41. Kc4 Kxh6 42. a5 g5 43. a6 Ra2 44.
Kb5 Kh5 45. Kb6 b3 46. Rb5 b2 47. a7 Kh4 48. Kb7 g4 49. a8=Q Rxa8 50. Kxa8 g3 51.
Rxb2 Kh3 52. Kb7 g2 53. Rb1 Kh2 54. Kc6 g1=Q 55. Rxg1 Kxg1 1/2-1/2

[Event "*** SCC Grand Prix: Titled Tuesday Blitz"]
[Site "Chess.com"]
[Date "2020.07.07"]
[Round "8"]
[White "chenxiaoyuer"]
[Black "SzMM19"]
[Result "1-0"]
[WhiteElo "2436"]
[BlackElo "2554"]
[TimeControl "180+1"]
[EndTime "11:37:00 PDT"]
[Termination "chenxiaoyuer won on time"]

1. e4 c5 2. Nf3 a6 3. g3 Nc6 4. Bg2 e5 5. O-O g6 6. d3 Bg7 7. Nbd2 d6 8. Re1 Nge7 9. Nf1 O-O 10. a4 Rb8 11. c3 h6 12. h4 Be6 13. Ne3 Qd7 14. a5 f5 15. Nd2 f4 16. Nd5 Bh3 17.
Nc4 Bxg2 18. Kxg2 f3+ 19. Kh2 Nxd5 20. exd5 Ne7 21. Ne3 g5 22. hxg5 hxg5 23. Rh1 Kh7 24. Kg1+ Kg6 25. Qa4 Qxa4 26. Rxa4 Rh8 27. Rxh8 Rxh8 28.
Ra3 Bh6 29. Rb3 g4 30. c4 Bxe3 31. Bxe3 Nf5 32. Rxb7 Nxe3 33. fxe3 Rh3 34. Rb6 Rxg3+ 35. Kf1 Rh3 36. Rxd6+ Kf5 37. Kf2 Rh2+ 38. Kg3 Rg2+ 39. Kh4 e4 40. dxe4+ Kxe4 41. Re6+ Kd3 42. d6 Kxc4 43.
d7 Rd2 44. Kxg4 f2 45. Rf6 Kb3 46. Rxf2 Rxd7 47. Re2 Kb4 48. e4 Kxa5 49. e5 Kb5 50. e6 Re7 51. Kf5 Kc6 52. Kf6 Re8 53. e7 1-0

[Event "*** SCC Grand Prix: Titled Tuesday Blitz"]
[Site "Chess.com"]
[Date "2020.07.07"]
[Round "8"]
[White "FMVolodymyrSakun"]
[Black "Al_Shima"]
[Result "1/2-1/2"]
[WhiteElo "2498"]
[BlackElo "2348"]
[TimeControl "180+1"]
[EndTime "11:37:00 PDT"]
[Termination "Game drawn by agreement"]

1. e4 d5 2. exd5 Nf6 3. d4 Nxd5 4. c4 Nb6 5. Nf3 g6 6. c5 Nd5 7. Bc4 Bg7 8. Nc3 c6 9. Qb3 O-O 10. O-O Nxc3 11. bxc3 b5 12. cxb6 axb6 13. Bg5 b5 14.
Bd3 Be6 15. Qc2 Bd5 16. Rfe1 Ra7 17. Nd2 Qd6 18. Ne4 Bxe4 19. Bxe4 e6 20. a4 bxa4 21. Rxa4 Rxa4 22. Qxa4 c5 23. Qa3 Nd7 24. Be3 Rc8 25.
g3 Bf8 26. Qa7 cxd4 27. cxd4 Nf6 28. Qb7 Qb4 29. Rb1 Qxb7 30. Bxb7 Rc4 31. Ra1 Ng4 32.
Ra8 Nxe3 33. fxe3 Rc7 34. Rb8 Kg7 35. Be4 Bd6 36. Rb7 Rxb7 37. Bxb7 f5 38. Kf2 Kf6 39.
Bf3 h6 40. Ke2 g5 41. e4 fxe4 42. Bxe4 h5 43. d5 Ke5 44. Bg6 h4 45. dxe6 Kxe6 46. Kf3 hxg3 47. hxg3 Kf6 48. Be4 Bc7 49. g4 Bb8 50.
Bf5 Bf4 51. Be4 Ke5 52. Bf5 Kd4 53. Be4 Kc3 54. Bf5 Kb2 55. Be4 Ka3 56. Bf5 Kb4 57. Be4 Ka5 58. Bf5 Kb6 59. Be4 Kc7 60. Bf5 Kd8 61. Be4 1/2-1/2

[Event "*** SCC Grand Prix: Titled Tuesday Blitz"]
[Site "Chess.com"]
[Date "2020.07.07"]
[Round "8"]
[White "PetrolulSah"]
[Black "MacDaddyMac"]
[Result "1-0"]
[WhiteElo "2179"]
[BlackElo "2276"]
[TimeControl "180+1"]
[EndTime "11:37:01 PDT"]
[Termination "PetrolulSah won on time"]

1. d4 Nf6 2. Nf3 e6 3. g3 b6 4. Bg2 Bb7 5. O-O Be7 6. c4 O-O 7. Nc3 Ne4 8. Ne5 Nxc3 9. bxc3 Bxg2 10. Kxg2 d6 11. Nd3 f5 12. f4 c5 13. Nf2 Bf6 14. e4 fxe4 15. Nxe4 Qc7 16. d5 e5 17. f5 Nd7 18. g4 Rae8 19. g5 Bd8 20. Qg4 Rf7 21.
g6 hxg6 22. fxg6 Rxf1 23. Kxf1 Nf6 24. Qh4 Kf8 25. Qh8+ Ng8 26. Kg2 Qd7 27. Qh5 Nf6 28. Nxf6 Bxf6 29. Bg5 Ke7 30. Rf1 Rf8 31. h3 Qa4 32.
Qh7 Qc2+ 33. Kg1 Qd3 34. Bxf6+ Ke8 35. Qh4 gxf6 36. g7 Qg6+ 37. Kh2 Qxg7 38. Rg1 Qh8 39. Qg4 Qh6 40. Qc8+ Ke7 41. Qc7+ Ke8 42. Qc8+ Ke7 43.
Qe6+ Kd8 44. Qxd6+ Ke8 45. Qb8+ Kd7 46. Qxa7+ Ke8 47. Qb8+ Kd7 48. Qb7+ Ke8 49. Qc6+ Ke7 50. d6+ Ke6 51. d7+ Ke7 52. Qd5 Qf4+ 53. Kh1 Rd8 54.
Rg7+ 1-0

[Event "*** SCC Grand Prix: Titled Tuesday Blitz"]
[Site "Chess.com"]
[Date "2020.07.07"]
[Round "8"]
[White "Srisshhhtea"]
[Black "Gareth-Bale11"]
[Result "1/2-1/2"]
[WhiteElo "2506"]
[BlackElo "2723"]
[TimeControl "180+1"]
[EndTime "11:37:02 PDT"]
[Termination "Game drawn - insufficient material"]

1. d4 Nf6 2. c4 e6 3. Nf3 d5 4. g3 Bb4+ 5. Bd2 Be7 6. Bg2 O-O 7. O-O Nbd7 8. Qc2 c6 9. Bf4 Ne4 10. h4 Nd6 11. Nbd2 Nf6 12. Ne5 Nh5 13. Be3 Nf5 14.
Qb3 Qb6 15. Kh2 Qxb3 16. axb3 Nxe3 17. fxe3 Bd6 18. e4 f6 19. Bf3 Nxg3 20. Kxg3 fxe5 21. Kg2 dxe4 22. Nxe4 Bc7 23. e3 a6 24. Nc5 Rb8 25. Bg4 exd4 26. Bxe6+ Bxe6 27. Nxe6 Rxf1 28. Rxf1 Be5 29. exd4 Bf6 30. Rf4 h6 31. Kh3 Kf7 32. Nc5 Re8 33. Nxb7 Re3+ 34. Kg4 Rxb3 35. Nc5 Rxb2 36.
Nxa6 Rc2 37. c5 Rd2 38. Nb8 Kg6 39. h5+ Kf7 40. Nxc6 Ke6 41. Nb4 Rg2+ 42. Kf3 Rh2 43. d5+ Kd7 44. c6+ Kd6 45. Rc4 Bd8 46. Na6 Kxd5 47.
c7 Bxc7 48. Rxc7 Rxh5 49. Rxg7 Rf5+ 50. Kg4 Rg5+ 51. Rxg5+ hxg5 52. Kxg5 1/2-1/2

[Event "*** SCC Grand Prix: Titled Tuesday Blitz"]
[Site "Chess.com"]
[Date "2020.07.07"]
[Round "8"]
[White "yuliagok"]
[Black "vitnik2020"]
[Result "0-1"]
[WhiteElo "2115"]
[BlackElo "2282"]
[TimeControl "180+1"]
[EndTime "11:37:02 PDT"]
[Termination "vitnik2020 won by checkmate"]

1. d4 Nf6 2. c4 c5 3. d5 e5 4. Nc3 d6 5. e4 Nbd7 6. Nf3 g6 7. h3 Nh5 8. g3 Be7 9. Be2 O-O 10.
Bh6 Ng7 11. Qd2 Nf6 12. O-O-O Kh8 13. g4 Ng8 14. Be3 a6 15. g5 Bd7 16. h4 b5 17. Nb1 f5 18. gxf6 Nxf6 19. Qc2 Nxe4 20. Bd3 Nxf2 21. Qxf2 Bg4 22. Be4 bxc4 23. Qg3 Bxf3 24.
Bxf3 Nf5 25. Qf2 Nd4 26. Bxd4 cxd4 27. Qg3 c3 28. bxc3 Qa5 29. Rh2 Rac8 30. h5 g5 31. Be4 dxc3 32. Rc2 Rf4 33. Re1 Rb8 34. Qd3 Qb6 35. Nxc3 Qb4 36. Bxh7 Qa3+ 37. Kd1 Rd4 38.
Qxd4 exd4 39. Rxe7 dxc3 40. Bg6 Qb4 41. Rh7+ Kg8 42.
Ke2 Qc4+ 43. Bd3 Qg4+ 44. Ke3 Re8+ 45. Be4 Qxe4+ 46. Kf2 Qxc2+ 47. Kg3 Kxh7 48. Kg4 Re4+ 49. Kxg5 Qf2 50. h6 Qf4+ 51. Kh5 Re5# 0-1

[Event "*** SCC Grand Prix: Titled Tuesday Blitz"]
[Site "Chess.com"]
[Date "2020.07.07"]
[Round "8"]
[White "mishanick"]
[Black "vladislavkovalev"]
[Result "0-1"]
[WhiteElo "2856"]
[BlackElo "2944"]
[TimeControl "180+1"]
[EndTime "11:37:03 PDT"]
[Termination "vladislavkovalev won by resignation"]

1. d4 Nf6 2. c4 g6 3. Nc3 Bg7 4. e4 d6 5. Be2 O-O 6. Be3 c5 7. d5 e6 8. Nf3 exd5 9. cxd5 Re8 10. Nd2 Na6 11. O-O Nc7 12. a4 b6 13. Bf4 Ba6 14.
Bxa6 Nxa6 15. Re1 Nh5 16. Be3 Nb4 17. Nc4 a6 18. f3 Rb8 19. Qd2 b5 20. axb5 axb5 21.
Na5 Qd7 22. Ne2 Ra8 23. Nb3 Rxa1 24. Rxa1 f5 25. Bxc5 dxc5 26. Nxc5 Qd6 27. Qxb4 Bf8 28. Rc1 Rc8 29. Qxb5 Rxc5 30. Rxc5 Qxc5+ 31. Qxc5 Bxc5+ 32. Kf1 fxe4 33. fxe4 Nf6 34. Nc3 Bd4 35. Ke2 Be5 36.
h3 Kf7 37. Kd3 Ke7 38. Na4 Nh5 39. Ke3 Nf4 40. Kf3 Nd3 41. b3 Kd6 42. Nb6 Bd4 43. Nc4+ Kc5 44. g3 Bc3 45. h4 Nc1 46. d6 Nxb3 47.
d7 Nd4+ 48. Ke3 Ne6 49. Kd3 Bf6 50. e5 Be7 51. Nd6 Bxd6 52. exd6 Kxd6 0-1

[Event "*** SCC Grand Prix: Titled Tuesday Blitz"]
[Site "Chess.com"]
[Date "2020.07.07"]
[Round "8"]
[White "Bacyanide"]
[Black "Chessdreamer2020"]
[Result "0-1"]
[WhiteElo "2447"]
[BlackElo "2611"]
[TimeControl "180+1"]
[EndTime "11:37:03 PDT"]
[Termination "Chessdreamer2020 won on time"]

1. d4 d6 2. Nf3 g6 3. c4 Bg7 4. Nc3 e5 5. dxe5 dxe5 6. Qxd8+ Kxd8 7. Be3 Be6 8. O-O-O+ Nd7 9. Ng5 Bxc4 10. b3 h6 11.
bxc4 hxg5 12. Bxg5+ f6 13. Be3 Bh6 14. Bxh6 Nxh6 15.
e3 c6 16. Be2 Ke7 17. Ne4 Nf7 18. g4 f5 19. gxf5 gxf5 20. Ng3 Nd6 21. h4 Nc5 22. h5 f4 23. exf4 exf4 24. Nf1 Nde4 25. Rh2 Kf6 26. Bf3 Rad8 27. Rxd8 Rxd8 28. h6 Nxf2 29.
Nd2 Nfd3+ 30. Kb1 Ne5 31. Ne4+ Nxe4 32. Bxe4 Nxc4 33. h7 Rh8 34. Kc2 Nd6 35. Bd3 Nf7 36.
Rf2 Ke5 37. Re2+ Kd6 38. Rf2 Ne5 39. Be4 Nd7 40. Rxf4 Ke5 41. Rh4 Nf6 42. Bd3 Ke6 43. Rh1 Kf7 44. Rf1 Kg7 45. Re1 Re8 46. Rg1+ Kh8 47.
Rf1 Re6 48. Rf2 Rd6 49. Rg2 Nxh7 50. Re2 Rd7 51. Re8+ Kg7 52. Ra8 a6 53. Kc3 Nf6 54. Bf5 Nd5+ 55. Kb3 Re7 0-1

[Event "*** SCC Grand Prix: Titled Tuesday Blitz"]
[Site "Chess.com"]
[Date "2020.07.07"]
[Round "8"]
[White "mfwagnerpeixoto"]
[Black "dpopadic"]
[Result "0-1"]
[WhiteElo "2213"]
[BlackElo "2391"]
[TimeControl "180+1"]
[EndTime "11:37:04 PDT"]
[Termination "dpopadic won on time"]

1. d4 Nf6 2. Nf3 g6 3. Bf4 Bg7 4. e3 d6 5. Be2 O-O 6. h3 c5 7. dxc5 dxc5 8. Qxd8 Rxd8 9. Bc7 Re8 10. Nc3 Nc6 11.
O-O-O h6 12. Bb5 Bd7 13. e4 Rec8 14. Bh2 Be8 15. e5 Nh7 16. Nd5 Bf8 17. Rhe1 e6 18. Nf6+ Nxf6 19. exf6 a6 20. Bf1 Rd8 21. Bc7 Rxd1+ 22.
Rxd1 Rc8 23. Bg3 h5 24. c3 Rd8 25. Rxd8 Nxd8 26. Bd3 Nc6 27. Be4 Bd7 28. Ne5 Nxe5 29. Bxe5 Bc8 30. f4 c4 31. Kd2 Bc5 32. g4 hxg4 33.
hxg4 Kf8 34. b4 cxb3 35. axb3 Ke8 36. b4 Bg1 37. Kc2 Kd7 38. Kb3 Kd8 39. c4 Bf2 40.
c5 Be1 41. Kc4 Bd2 42. Kb3 Be3 43. Kc4 Bd2 44. Kb3 Be3 45. Kc4 Bg1 46. Kb3 Bh2 47.
Kc4 g5 48. Kd4 gxf4 49. Bf3 Ke8 50. Ke4 Bd7 51. Bxf4 Bc6+ 52. Ke3 Bxf3 53. Kxf3 Bg1 54. Bd6 Kd7 0-1

[Event "*** SCC Grand Prix: Titled Tuesday Blitz"]
[Site "Chess.com"]
[Date "2020.07.07"]
[Round "8"]
[White "ChessArchitect64"]
[Black "Arathorn2"]
[Result "0-1"]
[WhiteElo "1874"]
[BlackElo "2285"]
[TimeControl "180+1"]
[EndTime "11:37:04 PDT"]
[Termination "Arathorn2 won by checkmate"]

1. d4 Nf6 2. Nf3 g6 3. c4 Bg7 4. Nc3 O-O 5. Bg5 d6 6. e3 h6 7. Bh4 g5 8. Bg3 c5 9. d5 Nh5 10. Qd2 Qa5 11. Be2 a6 12. O-O Nd7 13. Rfc1 Nxg3 14.
hxg3 Ne5 15. Nxe5 Bxe5 16. g4 b5 17. f4 Bf6 18. Rc2 bxc4 19. Ne4 Qxd2 20. Nxd2 c3 21.
bxc3 Rb8 22. Ne4 Kg7 23. Rd1 Rb6 24. Ng3 gxf4 25. exf4 Kh8 26. Ne4 Bg7 27. a4 f5 28.
a5 Rb3 29. Nd2 Rxc3 30. Rxc3 Bxc3 31. Nc4 fxg4 32. g3 Kg7 33. Rc1 Bb4 34. Kg2 Bd7 35.
Nb2 Bb5 36. Bxb5 axb5 37. Nd3 Bxa5 38. Nf2 h5 39. Ne4 Kg6 40. Ng5 Rc8 41. Ne6 c4 42.
Rf1 c3 43. f5+ Kf6 44. Nd4 c2 45. Rc1 b4 46. Rxc2 Rxc2+ 47. Nxc2 b3 48. Na3 Bb4 49. Nb1 Kxf5 50. Kf2 Ke4 51. Ke2 Kxd5 52. Kd3 e5 53.
Nd2 Bxd2 54. Kxd2 Kc4 55. Kc1 Kc3 56. Kb1 e4 57. Kc1 e3 58. Kb1 e2 59. Ka1 e1=Q# 0-1